Map: Site Delta LE

Players

VITSolar (Solar)

  • Race: Zerg Zerg
  • League: Master
  • Spawn Location: 5:00

LiquidClem (Clem) - Winner!

  • Race: Terran Terran
  • League: Grandmaster
  • Spawn Location: 11:00

Event: Bellum Gens Elite Stara Zagora 2024

VOD

Have the link to the VOD?

Description

Time

  • Played on: Sept. 6, 2024, 9:26 a.m.
  • Length: 25:37

All games in this series

Show
View Real Time Build Order
Export as new Build Order

VITSolar Zerg 

Build Orders: Hatch First 

Get SALT Encoding   

  12  0:00  Drone  
  13  0:12  Overlord  
  13  0:17  Drone  
  14  0:31  Drone x2  
  16  0:48  Hatchery  
  15  0:51  Drone  
  15  0:54  Drone  
  17  0:57  Drone  
  18  1:09  Extractor  
  17  1:12  Spawning Pool  
  17  1:16  Drone  
  17  1:19  Drone  
  18  1:29  Drone  
  19  1:38  Drone  
  20  1:50  Drone  
  21  2:00  Queen x2  
  25  2:01  Zergling x4  
  27  2:14  Hatchery  
  26  2:18  Zergling x2  
  26  2:21  Overlord  
  27  2:28  Drone  
  28  2:33  Metabolic Boost  
  27  2:40  Queen  
  27  2:42  Drone x2  
  31  2:49  Overlord  
  31  2:52  Drone  
  31  2:53  Drone  
  31  2:56  Drone  
  31  2:58  Drone  
  35  3:08  Drone x2  
  35  3:12  Drone x3  
  40  3:17  Queen  
  42  3:21  Overlord  
  42  3:22  Drone  
  43  3:28  Queen  
  43  3:33  Queen  
  47  3:35  Drone  
  48  3:41  Drone x2  
  48  3:45  Overlord  
  50  3:48  Drone x3  
  50  3:49  Drone  
  50  3:51  Drone x2  
  50  3:52  Drone  
  57  3:56  Overlord  
  57  4:01  Overlord  
  57  4:06  Zergling x6  
  57  4:07  Zergling x2  
  60  4:11  Queen  
  60  4:13  Drone x3  
  60  4:16  Evolution Chamber  
  64  4:19  Queen  
  64  4:23  Drone x3  
  68  4:25  Drone x2  
  68  4:29  Overlord  
  68  4:31  Drone  
  71  4:36  Drone  
  71  4:38  Drone  
  73  4:40  Extractor  
  73  4:42  Drone x2  
  73  4:43  Drone  
  73  4:44  Spore Crawler, Drone x2  
  73  4:45  Spore Crawler  
  75  4:51  Overlord  
  75  4:54  Drone  
  75  4:55  Lair  
  75  4:56  Drone x2  
  75  4:57  Queen  
  80  5:00  Zergling x4  
  80  5:06  Spore Crawler, Drone  
  82  5:11  Extractor  
  82  5:12  Drone x2  
  82  5:14  Extractor  
  81  5:15  Drone x2  
  81  5:18  Drone x2  
  81  5:21  Drone  
  86  5:22  Drone  
  86  5:26  Roach Warren  
  86  5:27  Drone x2  
  84  5:35  Drone  
  84  5:36  Drone x3  
  84  5:37  Drone x2  
  84  5:39  Overlord  
  84  5:40  Overlord  
  90  5:46  Evolution Chamber x2  
  90  5:48  Extractor  
  87  5:50  Extractor  
  87  5:51  Drone  
  87  5:52  Drone x3  
  87  5:53  Overseer  
  87  5:56  Overlord  
  90  5:58  Hatchery, Overlord  
  90  5:59  Drone  
  90  6:05  Drone x2  
  92  6:12  Glial Reconstitution, Zerg Ground Armor Level 1, Zerg Missile Weapons Level 1  
  92  6:13  Drone  
  92  6:16  Zergling x6  
  92  6:17  Zergling x2  
  97  6:21  Roach x5  
  97  6:25  Overlord  
  107  6:31  Roach x3  
  113  6:37  Infestation Pit  
  113  6:38  Roach  
  113  6:39  Roach  
  116  6:46  Drone x4  
  120  6:50  Roach x2  
  120  6:51  Hatchery  
  120  6:53  Baneling Nest  
  120  6:54  Roach x2  
  126  6:55  Ravager  
  126  6:57  Overlord  
  126  7:00  Drone x2  
  129  7:07  Ravager  
  129  7:10  Roach x2  
  129  7:11  Roach  
  134  7:25  Zergling x2, Ravager  
  134  7:26  Zergling x14  
  141  7:41  Roach x2  
  141  7:43  Hive  
  135  7:45  Drone x9  
  135  7:49  Overlord x2  
  144  7:52  Centrifugal Hooks  
  144  7:55  Overlord  
  144  7:58  Overlord  
  144  7:59  Overlord  
  144  8:01  Overlord  
  144  8:06  Ravager  
  144  8:07  Zergling x8  
  144  8:08  Drone x2  
  157  8:12  Roach  
  157  8:13  Extractor, Roach x2  
  157  8:15  Spore Crawler, Overlord  
  157  8:17  Hatchery, Zergling x4  
  157  8:18  Zerg Melee Weapons Level 1, Zerg Ground Armor Level 2  
  156  8:21  Drone  
  156  8:23  Zergling x20  
  156  8:26  Ravager  
  168  8:30  Baneling x7, Ravager  
  168  8:32  Overlord  
  168  8:33  Zergling x8  
  173  8:36  Pneumatized Carapace  
  173  8:39  Zergling x6  
  177  8:41  Zergling x8  
  177  8:46  Zergling x2  
  177  8:47  Spore Crawler  
  180  8:49  Zergling x2  
  180  8:50  Zergling x4  
  181  8:58  Zergling x22  
  182  9:04  Baneling x2  
  182  9:08  Zergling x2  
  182  9:09  Zergling x10  
  178  9:16  Adrenal Glands  
  178  9:17  Ultralisk Cavern, Drone x2  
  169  9:18  Viper x3  
  169  9:20  Drone x2  
  169  9:21  Zergling x14  
  169  9:23  Baneling x3  
  186  9:26  Zergling x4  
  186  9:30  Zergling x6  
  190  9:34  Baneling x6  
  190  9:36  Drone x3  
  190  9:38  Zergling x6  
  196  9:40  Zergling x4  
  196  9:41  Baneling  
  196  9:42  Baneling x2  
  198  9:46  Zergling x4  
  158  10:08  Zergling x38  
  158  10:10  Chitinous Plating  
  158  10:13  Baneling x5, Zergling x6  
  178  10:16  Zergling x4  
  178  10:20  Hatchery, Zergling x12  
  185  10:23  Zergling x8  
  185  10:28  Zergling x6  
  198  10:35  Ultralisk x2  
  189  10:44  Zergling x22  
  193  10:51  Zergling x14  
  193  10:53  Zerg Melee Weapons Level 2  
  193  10:57  Zerg Ground Armor Level 3  
  188  11:08  Zergling x22  
  180  11:12  Zergling x8  
  180  11:14  Zergling x6  
  180  11:18  Drone x3  
  189  11:22  Zergling x2, Ultralisk  
  189  11:25  Baneling x7  
  194  11:28  Burrow  
  194  11:29  Anabolic Synthesis  
  194  11:30  Infestor x2  
  198  11:35  Overseer  
  198  11:36  Baneling x11  
  198  11:39  Drone  
  198  12:02  Zergling x6  
  200  12:12  Spore Crawler  
  199  12:16  Hatchery  
  199  12:21  Zergling x6  
  196  12:41  Zergling x24  
  196  12:42  Zergling x10  
  196  12:50  Zergling x6, Ultralisk x2  
  193  12:56  Zergling x24  
  200  13:07  Zergling x2, Ultralisk  
  200  13:10  Overseer x3  
  200  13:12  Zerg Melee Weapons Level 3  
  181  13:21  Zergling x42  
  191  13:28  Baneling x11  
  191  13:29  Baneling x11  
  191  13:30  Zergling x4, Ultralisk  
  198  13:34  Ravager  
  198  13:35  Infestor  
  198  13:44  Zergling x8  
  198  13:45  Zergling x10  
  198  14:06  Zergling x2, Ultralisk  
  192  14:10  Zergling x16  
  192  14:13  Drone x11  
  192  14:16  Zergling x8, Ultralisk x3  
  199  14:22  Zergling x32  
  197  14:27  Drone x4  
  197  14:28  Infestor  
  200  14:32  Infestor  
  198  14:41  Zergling x6  
  200  14:45  Infestor  
  200  14:46  Hatchery  
  200  14:48  Baneling x7  
  200  14:51  Zergling x6  
  200  14:53  Baneling x2  
  199  15:02  Hatchery  
  199  15:06  Overlord  
  199  15:07  Baneling, Overlord  
  197  15:11  Overlord  
  198  15:14  Overlord  
  198  15:16  Spire  
  193  15:24  Zergling x14  
  200  15:32  Zergling x2  
  200  15:37  Hatchery  
  200  15:39  Zergling x2  
  200  15:40  Zergling x8  
  191  15:43  Zergling x18  
  199  15:56  Zergling x22, Ultralisk x2  
  199  15:57  Zergling x6  
  187  16:04  Zergling x6  
  187  16:06  Ravager x3  
  181  16:12  Drone x5  
  181  16:17  Zergling x2, Ultralisk  
  190  16:19  Drone x2  
  186  16:26  Baneling x6  
  186  16:27  Drone x4  
  186  16:30  Zerg Flyer Weapons Level 1  
  190  16:33  Baneling x2  
  190  16:38  Drone x5  
  195  16:40  Drone x3  
  197  16:50  Drone x2  
  198  17:01  Drone x2  
  187  17:12  Corruptor x6  
  187  17:15  Drone x2  
  198  17:37  Drone x5  
  198  17:39  Drone, Hatchery  
  198  17:41  Drone x3  
  198  17:47  Drone x2  
  198  17:48  Drone x2  
  199  18:13  Baneling x6, Zergling x2  
  196  18:30  Drone x3  
  196  18:33  Zerg Flyer Weapons Level 2  
  196  18:34  Zergling x6  
  189  19:01  Corruptor x11  
  199  19:06  Zergling x2  
  192  19:17  Corruptor x4  
  196  19:29  Corruptor  
  193  19:37  Zerg Missile Weapons Level 2  
  193  19:38  Zergling x24  
  199  19:39  Baneling x4  
  199  19:41  Overseer  
  199  19:43  Overseer x3  
  199  19:57  Extractor  
  198  20:12  Roach  
  196  20:18  Zergling x42  
  199  20:26  Ultralisk  
  199  20:27  Zergling x4  
  195  20:49  Zergling x12, Ultralisk x2  
  189  20:51  Overlord  
  189  20:54  Overlord  
  172  21:02  Zergling x32, Ultralisk x2  
  172  21:03  Overseer  
  172  21:04  Overseer x2, Overlord x5  
  159  21:13  Zergling x12  
  159  21:14  Zergling x36  
  159  21:15  Overseer  
  159  21:16  Baneling x20  
  183  21:24  Overseer  
  183  21:25  Zergling x18  
  192  21:33  Zergling x4  
  192  21:36  Baneling x4  
  194  21:40  Zergling x10  
  198  21:50  Overseer  
  169  22:09  Zergling x10, Ultralisk x2  
  169  22:10  Zergling x48  
  200  22:19  Infestor  
  181  22:32  Hatchery  
  181  22:33  Zergling x16  
  181  22:34  Zergling x16  
  136  22:53  Zergling x30  
  149  22:59  Baneling x5  
  149  23:01  Zergling x2  
  149  23:02  Zergling x4  
  149  23:03  Zergling x2  
  149  23:04  Zergling x8, Extractor  
  156  23:06  Extractor  
  156  23:08  Baneling, Zergling x2  
  156  23:09  Zergling x4, Extractor  
  156  23:12  Extractor  
  149  23:16  Zergling x10  
  149  23:18  Zergling x2  
  149  23:19  Zergling x2  
  151  23:24  Zergling x14  
  158  23:27  Baneling  
  158  23:28  Baneling  
  158  23:29  Zergling x16  
  166  23:38  Zergling x14  
  168  23:45  Zergling x4  
  168  23:47  Drone  
  166  23:48  Drone x4  
  154  23:55  Hatchery  
  154  23:56  Zergling x14  
  154  23:57  Zergling x14  
  149  24:03  Hatchery  
  149  24:05  Zergling x16  
  140  24:13  Zergling x10  
  143  24:21  Infestor x2  
  143  24:23  Zergling x8  
  144  24:26  Baneling  
  144  24:28  Zergling x4  
  145  24:31  Zergling x4  
  145  24:32  Zergling x2  
  139  24:42  Drone x6  
  139  24:43  Baneling  
  139  24:44  Baneling  
  146  24:45  Drone  
  146  24:47  Drone  
  146  24:49  Drone  
  147  24:52  Baneling  
  147  24:53  Baneling x2  
  147  24:55  Baneling  
  147  24:56  Baneling  
  145  25:01  Zergling x6  
  111  25:18  Zergling x20  
  111  25:19  Zergling x2  
Show
View Real Time Build Order
Export as new Build Order

LiquidClem Terran - Winner!

Build Orders: Reaper Expand, Hellion Banshee 

Get SALT Encoding   

  12  0:00  SCV  
  13  0:12  SCV  
  14  0:17  Supply Depot  
  14  0:24  SCV  
  15  0:38  SCV  
  15  0:40  Barracks  
  15  0:42  Refinery  
  16  0:50  SCV  
  17  1:02  SCV  
  18  1:15  SCV  
  19  1:27  Orbital Command, Reaper  
  20  1:37  Command Center  
  20  1:46  Supply Depot  
  20  1:52  SCV  
  21  1:58  Marine  
  22  2:04  SCV  
  23  2:10  Factory  
  23  2:16  SCV  
  23  2:19  Barracks Reactor  
  24  2:28  SCV  
  25  2:37  Command Center  
  25  2:40  SCV  
  26  2:51  Orbital Command  
  26  2:53  SCV  
  27  2:59  Starport  
  27  3:02  Refinery  
  28  3:05  SCV  
  28  3:08  Hellion  
  28  3:12  Hellion  
  32  3:16  SCV  
  32  3:17  SCV  
  34  3:20  Barracks Tech Lab  
  34  3:29  SCV  
  34  3:30  SCV, Hellion  
  34  3:34  Hellion  
  40  3:41  SCV  
  41  3:46  Banshee  
  44  3:48  Orbital Command  
  44  3:50  SCV  
  44  3:52  Marine  
  44  3:54  Cloaking Field  
  47  3:55  SCV  
  47  3:58  Hellion  
  47  4:00  Hellion  
  51  4:05  SCV  
  51  4:07  SCV  
  51  4:08  Supply Depot  
  53  4:15  SCV  
  50  4:17  SCV  
  50  4:19  SCV  
  52  4:26  Barracks Tech Lab, Hellion x2  
  52  4:27  SCV  
  52  4:29  Banshee  
  52  4:30  SCV  
  60  4:33  SCV  
  61  4:39  Supply Depot  
  61  4:41  Barracks  
  61  4:44  SCV  
  62  4:46  Barracks, Stimpack  
  62  4:53  SCV  
  62  4:56  Orbital Command, Marine  
  62  4:57  SCV  
  62  4:58  Refinery x2  
  63  5:02  Factory Reactor  
  63  5:05  SCV  
  63  5:06  Supply Depot, Engineering Bay  
  64  5:07  Engineering Bay  
  64  5:09  SCV  
  65  5:14  Marine  
  65  5:17  SCV  
  67  5:21  SCV  
  67  5:22  Barracks  
  67  5:23  Barracks  
  67  5:24  SCV  
  67  5:26  Starport Reactor  
  69  5:29  SCV  
  69  5:34  SCV  
  68  5:36  SCV  
  68  5:40  Terran Infantry Weapons Level 1, Terran Infantry Armor Level 1  
  68  5:41  SCV  
  70  5:46  Supply Depot, Marine x2  
  70  5:48  Marine  
  70  5:49  SCV x2  
  75  5:52  Marine x2  
  75  5:54  Siege Tank  
  81  5:57  SCV  
  81  5:58  Supply Depot  
  81  6:00  Supply Depot  
  81  6:01  SCV  
  81  6:02  SCV  
  81  6:04  Marine x2  
  84  6:07  Supply Depot  
  84  6:08  Marine, Medivac x2  
  84  6:09  SCV  
  92  6:12  Marine x2, Barracks Reactor x2  
  92  6:15  Supply Depot  
  93  6:19  SCV x2  
  93  6:21  SCV, Marine  
  93  6:22  Marine  
  98  6:27  Marine  
  98  6:28  Siege Tank  
  98  6:31  SCV x2, Marine x2  
  106  6:33  SCV  
  106  6:35  Refinery  
  106  6:36  Armory  
  106  6:39  Supply Depot, Marine x2  
  108  6:41  Factory  
  108  6:44  SCV  
  108  6:45  Supply Depot x2, SCV  
  108  6:46  SCV  
  112  6:47  Combat Shield  
  112  6:48  Marine x2  
  112  6:49  Marine  
  115  6:56  SCV, Marine  
  115  6:59  Command Center  
  117  7:01  SCV  
  117  7:04  Widow Mine  
  117  7:06  SCV  
  117  7:07  Supply Depot  
  117  7:08  SCV  
  122  7:10  Marine x3  
  122  7:11  Marine x2, Hellion x5  
  122  7:14  Marine x2  
  129  7:19  Marine x2  
  129  7:21  Medivac x2  
  133  7:25  Supply Depot  
  133  7:26  Factory Tech Lab  
  133  7:28  Marine x4  
  137  7:30  Siege Tank  
  137  7:33  Marine  
  137  7:34  Marine  
  137  7:35  SCV  
  141  7:37  Marine  
  141  7:39  Marine x2  
  141  7:42  Terran Infantry Armor Level 2, Terran Infantry Weapons Level 2  
  138  7:46  Supply Depot, Marine x2  
  138  7:47  Siege Tank  
  138  7:48  Marine  
  138  7:50  Marine  
  138  7:51  Marine  
  145  7:54  Marine  
  145  7:56  Marine  
  148  7:59  Supply Depot  
  148  8:00  Medivac  
  148  8:01  Marine x2  
  148  8:02  Refinery  
  148  8:04  Marine x2  
  154  8:08  Barracks  
  154  8:10  Barracks  
  154  8:11  Concussive Shells  
  154  8:12  Barracks  
  154  8:15  Marine  
  154  8:18  SCV x3  
  154  8:19  Marauder  
  160  8:25  Siege Tank, Marine, Sensor Tower  
  164  8:28  Marine  
  164  8:30  SCV x3  
  164  8:31  Siege Tank  
  164  8:33  Marine  
  172  8:35  Medivac  
  172  8:37  Marine x3  
  172  8:40  Refinery  
  172  8:41  Refinery, Marauder  
  179  8:42  SCV  
  179  8:43  Supply Depot  
  179  8:48  Planetary Fortress  
  180  8:55  Medivac  
  180  8:59  SCV  
  180  9:00  SCV  
  180  9:01  SCV  
  178  9:04  Siege Tank, Marine  
  178  9:07  Marine x2  
  178  9:09  Medivac  
  185  9:11  SCV  
  185  9:12  SCV  
  185  9:13  SCV  
  185  9:15  Terran Vehicle Weapons Level 1  
  185  9:16  Marine x3  
  185  9:17  Marauder  
  178  9:21  Barracks Tech Lab x3  
  178  9:22  Ghost Academy  
  178  9:24  SCV x2  
  179  9:25  SCV  
  179  9:26  SCV  
  179  9:30  Marine  
  183  9:31  Marine x2  
  183  9:32  Sensor Tower  
  183  9:36  SCV  
  183  9:37  SCV x2  
  183  9:38  SCV  
  189  9:40  Command Center  
  188  9:46  Siege Tank  
  188  9:48  Siege Tank  
  188  9:50  Marauder x2  
  188  9:51  Marine  
  199  9:53  Marine  
  199  10:02  Command Center  
  199  10:04  Marine x2  
  199  10:06  Marauder  
  168  10:07  Marine  
  168  10:08  Marine x3  
  168  10:10  Medivac  
  168  10:13  Marine x4, Medivac  
  174  10:15  Marine  
  174  10:18  Siege Tank  
  174  10:20  Siege Tank  
  181  10:21  Marine  
  181  10:22  Drilling Claws  
  181  10:25  Terran Infantry Armor Level 3, Terran Infantry Weapons Level 3  
  181  10:27  Marine  
  181  10:28  Marine x3  
  183  10:29  Marine  
  183  10:33  Marine  
  183  10:34  Marine x3  
  183  10:35  Marine  
  190  10:36  Marine  
  179  10:44  Marine  
  179  10:48  Marine x2  
  179  10:49  Marine x3  
  172  10:50  Siege Tank  
  172  10:51  Marine  
  172  10:52  Siege Tank, Marine x2, Medivac x2  
  172  10:53  Marine, Marauder  
  172  10:54  Marine  
  174  11:03  Marine  
  166  11:06  Marine x2  
  166  11:07  Marine x3  
  166  11:09  Marine  
  166  11:10  Ghost  
  168  11:15  SCV  
  168  11:18  SCV  
  170  11:19  Orbital Command  
  170  11:21  SCV  
  170  11:22  Siege Tank  
  170  11:24  Siege Tank, Marine, Refinery  
  178  11:28  Ghost  
  178  11:32  Liberator  
  183  11:34  SCV  
  183  11:36  Planetary Fortress  
  184  11:41  Ghost  
  186  11:49  Refinery x2  
  186  11:50  Marauder x2  
  186  11:51  Command Center, Sensor Tower  
  186  11:53  Marine  
  191  11:54  Siege Tank  
  191  11:57  Siege Tank  
  195  12:05  Marine  
  195  12:08  Command Center  
  196  12:09  Missile Turret  
  196  12:11  Missile Turret  
  196  12:12  SCV  
  197  12:16  Missile Turret, Ghost  
  197  12:20  Missile Turret  
  197  12:29  Fusion Core, Starport  
  200  12:33  Widow Mine  
  199  12:40  Ghost  
  188  12:45  Ghost  
  188  12:46  Ghost  
  188  12:47  Ghost  
  188  12:50  SCV  
  182  12:51  Widow Mine  
  182  12:52  Marine  
  182  12:54  SCV  
  182  12:55  Marauder  
  182  12:58  Medivac  
  186  13:01  Marine x2  
  186  13:04  Marine x2  
  186  13:05  Marine  
  174  13:06  Medivac  
  174  13:09  Ghost  
  174  13:10  Marine  
  174  13:11  SCV  
  173  13:13  Ghost, Factory Reactor  
  173  13:14  SCV, Marine  
  173  13:16  Marine, Ghost  
  178  13:25  SCV x2  
  178  13:26  SCV  
  182  13:27  Factory Reactor, Sensor Tower  
  182  13:28  Widow Mine x2  
  182  13:29  Command Center  
  182  13:30  Marine x3  
  182  13:31  Marine x3  
  182  13:32  Ghost  
  182  13:33  Orbital Command, Ghost  
  193  13:38  SCV x2, Ghost, Command Center  
  199  13:47  Starport Reactor, Advanced Ballistics  
  199  13:49  Terran Vehicle And Ship Armor Level 1  
  199  13:50  Neosteel Armor  
  199  14:01  Ghost  
  199  14:08  Ghost  
  181  14:10  Ghost  
  181  14:16  Ghost  
  161  14:18  Ghost  
  151  14:25  Marine x2  
  151  14:27  SCV x2  
  151  14:29  Marine x3  
  151  14:30  Marine, Ghost  
  157  14:31  Orbital Command  
  157  14:32  Widow Mine x4  
  157  14:37  Marine  
  166  14:38  Marine  
  166  14:42  Liberator x2  
  166  14:45  Marine, Marauder  
  172  14:46  Marine  
  172  14:48  Marauder  
  172  14:51  SCV  
  177  14:53  Widow Mine x2  
  177  14:55  Marauder  
  177  14:57  Liberator x2  
  177  14:59  Caduceus Reactor  
  189  15:03  Widow Mine  
  189  15:04  Widow Mine  
  189  15:05  SCV  
  186  15:08  Orbital Command  
  186  15:09  SCV  
  187  15:20  Marine, Widow Mine  
  190  15:25  Liberator x2  
  190  15:27  SCV x2  
  190  15:31  Refinery  
  190  15:32  SCV  
  190  15:35  SCV, Refinery  
  192  15:36  Ghost  
  192  15:38  Widow Mine  
  192  15:39  Liberator  
  192  15:42  SCV  
  200  15:55  Liberator  
  167  15:59  Cyclone x2  
  167  16:00  Widow Mine x2  
  167  16:01  Marauder  
  158  16:07  Marine  
  158  16:09  SCV  
  156  16:16  SCV  
  156  16:17  SCV x2  
  154  16:22  Widow Mine x2  
  154  16:23  Liberator  
  158  16:27  Liberator  
  158  16:31  SCV x2  
  160  16:45  Planetary Fortress  
  160  16:48  SCV x2  
  160  16:50  SCV  
  160  16:53  Widow Mine  
  165  16:54  Marine  
  165  16:55  Marine  
  165  16:56  Marine  
  151  17:09  Liberator x2  
  151  17:13  Widow Mine  
  151  17:14  SCV, Widow Mine x2  
  164  17:16  SCV  
  164  17:19  Ghost  
  167  17:23  SCV x2  
  167  17:27  Refinery  
  167  17:28  Liberator  
  172  17:36  Command Center  
  172  17:40  Terran Vehicle And Ship Armor Level 2  
  172  17:42  Liberator  
  169  17:51  Sensor Tower, Widow Mine  
  169  17:52  Missile Turret  
  169  17:53  Liberator  
  169  17:54  Ghost  
  171  17:58  Marine  
  171  17:59  Widow Mine  
  171  18:00  Ghost  
  171  18:02  Marine x2  
  178  18:06  Ghost  
  178  18:07  Orbital Command  
  178  18:10  Liberator  
  178  18:12  Widow Mine  
  185  18:18  Liberator  
  188  18:22  Widow Mine  
  188  18:24  Ghost x3  
  188  18:26  Orbital Command  
  194  18:34  Widow Mine  
  194  18:37  Liberator, Medivac  
  199  18:43  SCV  
  200  18:53  Liberator  
  200  18:54  Missile Turret x3  
  193  18:56  Missile Turret, Ghost  
  193  18:58  Ghost  
  193  19:00  Ghost  
  193  19:01  Ghost  
  193  19:02  Marine x3  
  168  19:03  Orbital Command  
  168  19:05  Marine  
  168  19:06  Marine x2  
  168  19:09  Orbital Command  
  160  19:17  Ghost  
  159  19:24  Ghost  
  159  19:27  Marine, Widow Mine  
  159  19:29  Ghost  
  164  19:35  Ghost  
  163  19:40  Ghost  
  165  19:47  Widow Mine x2  
  165  19:49  Widow Mine x2  
  165  19:51  Ghost  
  175  19:53  Ghost  
  175  19:57  Ghost  
  179  20:00  SCV  
  179  20:03  Ghost  
  179  20:05  Marine  
  179  20:06  Marine x3  
  186  20:08  Missile Turret, Widow Mine  
  186  20:09  SCV  
  186  20:12  Refinery x2  
  184  20:14  Ghost  
  184  20:18  Marine x2, Widow Mine  
  184  20:20  Ghost  
  173  20:22  Marine  
  173  20:23  Marine x2  
  173  20:24  Marine  
  173  20:26  SCV x8  
  166  20:34  Widow Mine  
  168  20:38  SCV x5, Ghost  
  168  20:41  Ghost  
  165  20:47  Ghost  
  141  20:53  SCV  
  141  20:54  Widow Mine  
  141  20:55  SCV, Marine  
  127  21:01  SCV  
  127  21:03  Widow Mine  
  127  21:04  Marine  
  130  21:10  Medivac x2  
  134  21:12  Widow Mine  
  134  21:18  Medivac  
  138  21:19  Marine x2  
  138  21:20  SCV  
  138  21:23  Marine  
  138  21:24  SCV  
  143  21:26  Widow Mine  
  143  21:31  Sensor Tower  
  143  21:32  Medivac  
  144  21:33  Marine x3  
  144  21:34  Marine x2  
  144  21:37  Marine, Marauder  
  144  21:38  Marine  
  153  21:43  Marauder  
  153  21:45  Marine  
  153  21:46  Marine  
  157  21:51  Marine x4  
  157  21:53  Widow Mine  
  162  21:58  Medivac  
  162  22:01  Marine  
  162  22:02  Marine  
  162  22:03  Marine, Marauder x2  
  162  22:06  Medivac  
  165  22:08  Marine  
  165  22:09  Marine  
  165  22:10  Marauder  
  165  22:13  Orbital Command  
  165  22:15  Medivac  
  160  22:25  Medivac  
  160  22:26  Marine  
  160  22:27  Marine x3, Widow Mine  
  160  22:28  Marine  
  164  22:34  Widow Mine  
  164  22:35  Ghost, Medivac  
  164  22:36  Marine x2  
  172  22:39  Marine  
  173  22:48  Widow Mine  
  163  22:52  Marine x2  
  163  22:54  Marauder x2  
  163  22:55  SCV x4  
  163  22:56  Widow Mine  
  163  22:57  SCV  
  163  22:58  SCV  
  177  23:03  SCV, Medivac  
  180  23:07  Marine  
  180  23:09  Widow Mine  
  180  23:10  Marine  
  180  23:11  SCV  
  186  23:12  SCV  
  186  23:17  SCV, Widow Mine  
  188  23:21  Medivac  
  188  23:25  Marine  
  191  23:31  Widow Mine  
  191  23:33  SCV  
  194  23:38  Marine, Widow Mine  
  194  23:40  Marine  
  194  23:41  Marine x2  
  186  23:44  Marine x4  
  186  23:45  SCV  
  186  23:46  Marine x2  
  189  23:52  Widow Mine  
  189  23:53  Marine  
  186  23:56  Marine  
  186  23:58  Liberator  
  186  24:00  Widow Mine  
  191  24:04  Liberator  
  191  24:06  Marauder  
  191  24:08  Marine  
  196  24:14  Widow Mine  
  193  24:25  Supply Depot  
  193  24:29  Command Center  
  193  24:35  Widow Mine  
  193  24:37  Widow Mine  
  185  24:46  Supply Depot x2, Missile Turret  
  185  25:04  Widow Mine  
  185  25:07  Marine x7, Ghost  
  185  25:08  Marauder  
  177  25:16  Marine x2, Widow Mine  
Tags
 
Add a new tag
Caveats
  • Supply blocks, unpowered buildings, or Contaminate may cause inaccurate times.
  • Supply counts are checked every 10 seconds.